 Dungeon Crawl Stone Soup version 0.27-b1-16-g6517624069 (webtiles) character file.

Game seed: 3982239840853435028

1072330 sixthgate the Gnoll Aeon (level 27, -16/235 HPs)
             Began as a Gnoll Gladiator on July 27, 2021.
             Was the Champion of Cheibriados.
             Demolished by a reaper (23 damage)
             ... on level 7 of Tartarus.
             The game lasted 03:00:52 (75382 turns).

sixthgate the Gnoll Aeon (Gnoll Gladiator)         Turns: 75382, Time: 03:00:53

Health: -16/235    AC: 34    Str: 29    XL:     27
Magic:  51/54      EV: 38    Int: 34    God:    Cheibriados [******]
Gold:   10225      SH: 24    Dex: 30    Spells: 31/80 levels left

rFire    + + .     SeeInvis +   a - +9 double sword (freeze)
rCold    + + .     Faith    .   B - +5 kite shield {AC+3}
rNeg     + + +     Spirit   .   M - +4 troll leather armour
rPois    ∞         Reflect  .   w - +0 mask of the Dragon {Will+ Slay+3 SInv}
rElec    .         Harm     .   I - +4 dragonskin cloak
rCorr    +         Rampage  .   F - +1 pair of gloves of the Armadillo {Will+}
Will     +++++                  d - +2 pair of boots {Fly}
Stlth    ++++++++++             W - amulet of magic regeneration
HPRegen  1.49/turn              l - +4 ring of slaying
MPRegen  0.59/turn              r - ring "Qosorph" {rF+ rC+ rCorr}

@: lich-form, flying, studying 2 skills, silenced, very slow
A: draining attack, torment immunity, no potions, fangs 1, strong nose,
distributed training, camouflage 1, poison resistance, no potion heal 1, subdued
magic 1
}: 9/15 runes: serpentine, barnacled, slimy, silver, golden, iron, obsidian,
icy, abyssal
a: End Transformation, Renounce Religion


You were on level 7 of Tartarus.
You worshipped Cheibriados.
Cheibriados was exalted by your worship.
You were an undead lich.
You visited 18 branches of the dungeon, and saw 90 of its levels.
You visited the Abyss 1 time.
You visited 1 ziggurat, and saw 16 of its levels.
You also visited: Trove, Sewer, Ice Cave and Wizlab.

You collected 15482 gold pieces.
You spent 5257 gold pieces at shops.

Inventory:

Hand Weapons
 a - a +9 double sword of freezing (weapon)
 b - a +9 vampiric quick blade
Missiles
 c - 12 throwing nets
 n - 48 silver javelins
 x - 29 curare-tipped darts
 U - 24 javelins (quivered)
 X - 4 atropa-tipped darts
Armour
 d - a +2 pair of boots of flying (worn)
 w - the +0 mask of the Dragon (worn) {Will+ Slay+3 SInv}
   (You found it on level 5 of the Vaults)

   Slay:      It affects your accuracy & damage with ranged weapons and melee
   (+3).
   SInv:      It lets you see invisible.
   Will:      It increases your willpower.
 B - a +5 kite shield of protection (worn)
 F - the +1 pair of gloves of the Armadillo (worn) {Will+}
   (You bought it in a shop on level 1 of the Depths)

   Will:      It increases your willpower.
 I - the +4 dragonskin cloak (worn)
   (You took it off Tiamat on level 2 of the Realm of Zot)

   It grants the wearer a chance to resist fire, cold, poison, electricity,
   acid, and negative energy.
 M - a +4 troll leather armour (worn)
 P - the +1 helmet "Jiamokom" {Contam rPois Regen+ Int+3}
   (You found it on level 2 of the Crypt)

   Int:       It affects your intelligence (+3).
   rPois:     It protects you from poison.
   Contam:    It causes magical contamination when unequipped.
   Regen:     It increases your rate of health regeneration.
Jewellery
 e - the ring "Humiulel" {rN+ rCorr Str+7}
   (You found it on level 1 of the Abyss)

   [ring of positive energy]

   Str:       It affects your strength (+7).
   rN:        It protects you from negative energy.
   rCorr:     It protects you from acid and corrosion.
 l - a +4 ring of slaying (left hand)
 r - the ring "Qosorph" (right hand) {rF+ rC+ rCorr}
   (You found it on level 12 of a ziggurat)

   [ring of resist corrosion]

   rF:        It protects you from fire.
   rC:        It protects you from cold.
   rCorr:     It protects you from acid and corrosion.
 y - the ring "Ynuss" {rC+ Will+ Int+4}
   (You acquired it in an ice cave)

   [ring of protection from cold]

   Int:       It affects your intelligence (+4).
   rC:        It protects you from cold.
   Will:      It increases your willpower.
 W - an amulet of magic regeneration (around neck)
Wands
 g - a wand of mindburst (88)
 J - a wand of iceblast (61)
 O - a wand of charming (19)
 T - a wand of acid (67)
Scrolls
 m - 13 scrolls of magic mapping
 o - 25 scrolls of teleportation
 s - 3 scrolls of immolation
 z - 8 scrolls of blinking
 A - 50 scrolls of identify
 D - a scroll of holy word
 E - 5 scrolls of fear
 G - 8 scrolls of amnesia
 L - 2 scrolls of silence
 N - 4 scrolls of summoning
 R - 11 scrolls of fog
 Y - 2 scrolls of enchant armour
Potions
 f - 33 potions of curing
 h - 10 potions of heal wounds
 i - 15 potions of attraction
 j - 14 potions of mutation
 k - 10 potions of brilliance
 p - 5 potions of might
 q - 3 potions of cancellation
 t - 10 potions of flight
 C - 14 potions of lignification
 H - 2 potions of resistance
 Q - 8 potions of invisibility
 S - 5 potions of ambrosia
 Z - 7 potions of magic
Miscellaneous
 u - a tin of tremorstones (2/2)
 v - a condenser vane
 K - a box of beasts
 V - a figurine of a ziggurat


   Skills:
 + Level 23.0 Fighting
 + Level 25.3 Short Blades
 O Level 27 Long Blades
 + Level 22.8 Axes
 + Level 22.8 Maces & Flails
 + Level 26.2 Polearms
 + Level 22.8 Staves
 + Level 26.4 Slings
 + Level 22.8 Bows
 + Level 22.8 Crossbows
 + Level 23.0 Throwing
 + Level 22.8 Armour
 + Level 23.3 Dodging
 + Level 22.8 Stealth
 + Level 22.8 Shields
 + Level 22.8 Unarmed Combat
 O Level 27 Spellcasting
 + Level 19.8 Conjurations
 + Level 23.1 Hexes
 + Level 23.8 Summonings
 + Level 19.8 Necromancy
 + Level 22.8 Translocations
 + Level 19.8 Transmutations
 + Level 19.8 Fire Magic
 + Level 19.8 Ice Magic
 + Level 19.8 Air Magic
 + Level 19.8 Earth Magic
 + Level 19.8 Poison Magic
 O Level 27 Invocations
 + Level 22.8 Evocations


You had 31 spell levels left.
You knew the following spells:

 Your Spells              Type           Power      Damage    Failure   Level
a - Necromutation         Tmut/Necr      59%        N/A       1%          8
b - Ignition              Fire           47%        3d13      1%          8
c - Statue Form           Tmut/Erth      63%        N/A       0%          6
d - Shatter               Erth           47%        3d36*     12%         9
e - Passage of Golubria   Tloc           N/A        N/A       0%          4
f - Passwall              Tmut/Erth      79%        N/A       0%          2
g - Blink                 Tloc           N/A        N/A       0%          2
h - Apportation           Tloc           100%       N/A       0%          1
i - Polar Vortex          Ice            47%        N/A       12%         9

Your spell library contained the following spells:

 Spells                   Type           Power      Damage    Failure   Level
 Animate Skeleton         Necr           100%       N/A       0%          1
 Beastly Appendage        Tmut           100%       N/A       0%          1
 Corona                   Hex            100%       N/A       0%          1
 Foxfire                  Conj/Fire      100%       2x1d9     0%          1
 Magic Dart               Conj           100%       1d8       0%          1
 Pain                     Necr           100%       1d9       0%          1
 Sandblast                Erth           100%       2d20      0%          1
 Shock                    Conj/Air       100%       1d9       0%          1
 Sting                    Tmut/Pois      100%       1d8       0%          1
 Summon Small Mammal      Summ           100%       N/A       0%          1
 Call Imp                 Summ           100%       N/A       0%          2
 Corpse Rot               Necr/Air       N/A        N/A       0%          2
 Ensorcelled Hibernation  Hex/Ice        100%       N/A       0%          2
 Poisonous Vapours        Pois/Air       100%       N/A       0%          2
 Searing Ray              Conj           100%       3d7       0%          2
 Slow                     Hex            100%       N/A       0%          2
 Sublimation of Blood     Necr           59%        N/A       0%          2
 Wereblood                Tmut           95%        N/A       0%          2
 Call Canine Familiar     Summ           100%       N/A       0%          3
 Confusing Touch          Hex            100%       N/A       0%          3
 Conjure Flame            Conj/Fire      95%        6-21      0%          3
 Dazzling Flash           Conj/Hex       100%       N/A       0%          3
 Gell's Gravitas          Tloc           50%        N/A       0%          3
 Ignite Poison            Fire/Tmut/Pois 95%        N/A       0%          3
 Inner Flame              Hex/Fire       99%        N/A       0%          3
 Lesser Beckoning         Tloc           50%        N/A       0%          3
 Mephitic Cloud           Conj/Pois/Air  95%        N/A       0%          3
 Ozocubu's Armour         Ice            95%        N/A       0%          3
 Portal Projectile        Hex/Tloc       100%       N/A       0%          3
 Spider Form              Tmut/Pois      47%        N/A       0%          3
 Stone Arrow              Conj/Erth      100%       3d13      0%          3
 Summon Guardian Golem    Hex/Summ       100%       N/A       0%          3
 Swiftness                Air            95%        N/A       0%          3
 Teleport Other           Tloc           100%       N/A       0%          3
 Tukima's Dance           Hex            100%       N/A       0%          3
 Airstrike                Air            47%        N/A       0%          4
 Animate Armour           Summ/Erth      100%       N/A       0%          4
 Cause Fear               Hex            51%        N/A       0%          4
 Dispel Undead            Necr           100%       3d31      0%          4
 Fulminant Prism          Conj/Hex       49%        3d21      0%          4
 Iskenderun's Mystic Bla  Conj/Tloc      98%        2d19      0%          4
 Leda's Liquefaction      Hex/Erth       49%        N/A       0%          4
 Olgreb's Toxic Radiance  Pois           95%        N/A       0%          4
 Petrify                  Tmut/Erth      95%        N/A       0%          4
 Summon Ice Beast         Ice/Summ       99%        N/A       0%          4
 Summon Lightning Spire   Summ/Air       99%        N/A       0%          4
 Agony                    Necr           100%       N/A       0%          5
 Alistair's Intoxication  Tmut/Pois      63%        N/A       0%          5
 Blade Hands              Tmut           47%        N/A       0%          5
 Bolt of Magma            Conj/Fire/Erth 47%        4d19      0%          5
 Excruciating Wounds      Necr           59%        N/A       0%          5
 Fireball                 Conj/Fire      47%        3d19      0%          5
 Freezing Cloud           Conj/Ice/Air   47%        6-21      0%          5
 Iskenderun's Battlesphe  Conj           95%        2d14      0%          5
 Lee's Rapid Deconstruct  Erth           47%        3d24*     0%          5
 Lightning Bolt           Conj/Air       47%        1d68      0%          5
 Manifold Assault         Tloc           100%       N/A       0%          5
 Metabolic Englaciation   Hex/Ice        49%        N/A       0%          5
 Silence                  Hex/Air        49%        N/A       0%          5
 Summon Forest            Summ/Tloc      51%        N/A       0%          5
 Summon Mana Viper        Hex/Summ       100%       N/A       0%          5
 Yara's Violent Unravell  Hex/Tmut       49%        3d19      0%          5
 Conjure Ball Lightning   Conj/Air       47%        3x3d16    0%          6
 Death Channel            Necr           59%        N/A       0%          6
 Dispersal                Tloc           50%        N/A       0%          6
 Eringya's Noxious Bog    Tmut/Pois      47%        N/A       0%          6
 Invisibility             Hex            51%        N/A       0%          6
 Iron Shot                Conj/Erth      47%        9d9       0%          6
 Shadow Creatures         Summ           N/A        N/A       0%          6
 Simulacrum               Ice/Necr       59%        N/A       0%          6
 Starburst                Conj/Fire      47%        8x6d13    0%          6
 Malign Gateway           Summ/Tloc      51%        N/A       0%          7
 Monstrous Menagerie      Summ           51%        N/A       0%          7
 Summon Hydra             Summ           51%        N/A       0%          7
 Orb of Destruction       Conj           47%        9d15      1%          7
 Ozocubu's Refrigeration  Ice            47%        4d14      1%          7
 Spellforged Servitor     Conj/Summ      49%        N/A       1%          7
 Storm Form               Tmut/Air       47%        N/A       1%          7
 Borgnjor's Revivificati  Necr           59%        N/A       1%          8
 Discord                  Hex            51%        N/A       1%          8
 Disjunction              Tloc           50%        N/A       1%          8
 Lehudib's Crystal Spear  Conj/Erth      47%        10d11     1%          8
 Summon Horrible Things   Summ           51%        N/A       1%          8
 Dragon's Call            Summ           51%        N/A       1%          9
 Chain Lightning          Conj/Air       47%        3d63      12%         9
 Fire Storm               Conj/Fire      47%        8d12      12%         9


Dungeon Overview and Level Annotations

Branches:
Dungeon (15/15)            Temple (1/1) D:5            Lair (6/6) D:11
 Shoals (4/4) Lair:3        Snake (4/4) Lair:4        Slime (5/5) Lair:5
    Orc (2/2) D:10            Elf (3/3) Orc:2        Vaults (5/5) D:14
  Crypt (3/3) Vaults:2       Tomb (3/3) Crypt:3      Depths (5/5) D:15
   Hell (visited)             Dis (7/7) Hell            Geh (7/7) Hell
    Coc (7/7) Hell            Tar (7/7) Hell            Zot (5/5) Depths:5
  Sewer (visited)           IceCv (visited)          WizLab (visited)

Altars:
Ashenzari
Cheibriados
Dithmenos
Elyvilon
Fedhas
Gozag
Hepliaklqana
Kikubaaqudgha
Makhleb
Nemelex Xobeh
Okawaru
Qazlal
Ru
Sif Muna
Trog
Uskayaw
Vehumet
Wu Jian
Xom
Yredelemnul
Zin
The Shining One
Beogh
Jiyva

Shops:
D:10 :   Orc:2 (=[*   Elf:1 [   Shoals:3 ?   Snake:1 !?:(   Snake:2 =:=
Vaults:2 ?!*[=   Depths:1 *[*   Depths:3 *

Portals:
Hell: Depths:1 Depths:2 Depths:3 Depths:4 Depths:5
Abyss: D:4 Depths:1 Depths:2 Depths:4
Pandemonium: Depths:3

Annotations:
Lair:4 exclusion: ice statue
Lair:5 exclusion: oklob plant
Dis:7 Dispater
Geh:7 Asmodeus
Coc:7 Antaeus


Innate Abilities, Weirdness & Mutations

You are an undead lich.
Your unarmed attacks are suffused with negative energy.
You are immune to unholy pain and torment.
Your necromantic spells are more powerful.
You cannot drink.
You have very sharp teeth.
Your uncanny sense of smell can sniff out nearby items.
Your experience applies equally to all skills.
Your skin changes colour to match your surroundings (Stealth+).
Your system is resistant to poisons. (rPois)
Potions are less effective at restoring your health.
Your spells are a little easier to cast, but a little less powerful.


Message History

The shadow demon gestures.
The reaper hits you from afar with a +2 scythe of freezing!!
* * * LOW HITPOINT WARNING * * *
The reaper freezes you.
* * * LOW HITPOINT WARNING * * *
You hit the silent spectre. You bite the silent spectre!
The silent spectre is moderately damaged.
The shadow demon misses you. You block the Tzitzimitl's attack. x2
The shadow demon completely misses you. You block the reaper's attack.
The silent spectre grins at you slowly.
The silent spectre completely misses you.
You completely miss the Tzitzimitl.
The Tzitzimitl is severely wounded.
You feel yourself speed up. You block the Tzitzimitl's attack.
The Tzitzimitl completely misses you. The shadow demon barely misses you.
You block the shadow demon's attack. The reaper completely misses you.
The silent spectre completely misses you.
The shadow demon misses you.
You riposte.
You completely miss the shadow demon.
You bite the shadow demon, but do no damage.
The Tzitzimitl barely misses you. The Tzitzimitl closely misses you.
You slash the Tzitzimitl!
The Tzitzimitl is severely wounded.
The reaper completely misses you. You block the shadow demon's attack.
You slash the Tzitzimitl!
The Tzitzimitl is almost dead.
The silent spectre completely misses you.
The Tzitzimitl gestures at you.
You convulse!
* * * LOW HITPOINT WARNING * * *
You block the shadow demon's attack. You block the reaper's attack.
The shadow demon completely misses you.
You riposte.
You slice the shadow demon like a ripe choko!!!
The shadow demon is almost dead.
You slice the Tzitzimitl like a ripe choko!!!!
You kill the Tzitzimitl!
Cheibriados appreciates the change of pace.
You block the silent spectre's attack. You block the shadow demon's attack. x2
The reaper hits you from afar with a +2 scythe of freezing!!
You die...

≈≈≈≈≈≈≈≈≈≈≈≈≈≈≈≈≈≈≈≈≈≈≈≈≈≈≈≈≈≈≈≈≈
≈≈≈≈≈≈≈≈≈≈≈≈≈≈≈≈≈≈≈≈≈≈≈≈≈≈≈≈≈≈≈,,
≈≈≈≈≈≈≈≈≈≈≈≈≈≈≈≈≈≈≈≈≈≈≈.,,,,,,,,,
≈≈≈≈≈≈≈≈≈≈≈))≈≈≈........,,,,,,,,,
,,,........))...........,,,****,,
*,,...###..####..###..,,,***,+,,,
**,,.#*,####,,###)2##,,,**,*,****
,**,**,,,**,,,∆##2Z)##,**,,*,,,,,
,,*,*,,,,,*,,,,#LW§..#,*∆,,***,**
*****,,*,,*,,,§#2Z#).#*****,,*,,,
,,,*,,,*,.1...§§§§#...#,,,*,,****
,*+*,,,**.....§.)##...#+*,***,,,*
,*,**,***##''''###**n##,*,,,*,,,*
,*,,,,*,*......,,*,*.Z,,*,*,*,,,,
,*,,,,*,*...1..,,*,*,..,*,*,***,*
,*,,,,*,*.(...,,,*,*,,,,*,*,,,+,*
,*,,,,*,*#....,,**,*,,,,*,**,**,,


You could see a reaper, 2 shadow demons, a silent spectre (summoned, silencing),
an emperor scorpion zombie (summoned) and a black mamba skeleton (summoned).

Vanquished Creatures
  the Royal Jelly (Slime:5)
  Tiamat (Zot:2)
  Khufu (Tomb:3)
  3 dread liches
  4 orbs of fire
  23 royal mummies
  2 juggernauts
  The ghost of Hynnuzim the Warrior, a veteran CeHu of the Shining One (Crypt:2)
  Sojobo (Crypt:3)
  The ghost of Roocroe the Impregnable, a veteran MiGl of Hepliaklqana (Crypt:2)
  Bai Suzhen (Snake:4)
  8 shard shrikes
  2 curse toes (Zot:3)
  A caustic shrike (Depths:4)
  Jory (Crypt:3)
  Geryon (Hell)
  A Hellbinder (WizLab)
  13 golden dragons
  2 profane servitors
  8 Tzitzimimeh
  An electric golem (Zot:2)
  16 Brimstone Fiends
  4 iron giants
  6 bone dragons
  18 tentacled monstrosities
  Rupert (D:14)
  Jorgrun (Orc:1)
  A hellephant (Abyss:5)
  6 Ice Fiends
  9 quicksilver dragons
  2 deep elf master archers (Elf:3)
  8 titans
  5 deep elf blademasters
  10 liches
  Asterion (Snake:4)
  15 ancient champions
  6 tentacled starspawn
  Polyphemus (Shoals:2)
  Frances (D:14)
  3 Executioners
  4 death cobs
  A thorn hunter (Abyss:5)
  19 acid blobs
  13 sphinxes
  8 tengu reavers
  Kirke (D:13)
  17 shadow dragons
  A kraken (Shoals:4)
  Ilsuiw (Shoals:2)
  3 revenants (Crypt:2)
  20 storm dragons
  13 nagarajas
  8 draconian monks
  7 azure jellies
  13 deep elf sorcerers
  4 draconian knights
  18 fire giants
  16 rockslimes
  A daeva (Zig:1)
  6 iron dragons
  4 ghost moths
  16 vault wardens
  15 frost giants
  A curse skull (Crypt:1)
  Louise (Shoals:1)
  4 cacodemons
  3 orc warlords
  2 spriggan defenders (Depths:4)
  Aizul (Snake:4)
  12 draconian shifters
  19 balrugs
  13 draconian scorchers
  A black sun (WizLab)
  4 deep elf elementalists
  20 ironbound preservers
  11 draconian stormcallers
  25 stone giants
  40 reapers
  7 quicksilver oozes (Slime:5)
  17 draconian annihilators
  4 ghouls
  25 very ugly things
  12 war gargoyles
  4 blood saints (Zig:15)
  13 yellow draconians
  16 vampire knights
  12 bennus (Tomb:3)
  12 deep elf demonologists
  3 lorocyprocas
  11 green draconians
  22 black draconians
  An elemental wellspring (Coc:3)
  Azrael (D:12)
  16 deep elf annihilators
  11 purple draconians
  2 entropy weavers
  14 white draconians
  6 dire elephants
  A minotaur (shapeshifter) (Depths:3)
  9 spark wasps
  2 green deaths
  10 red draconians
  7 deep elf death magi
  8 merfolk javelineers
  2 eidola (Crypt:1)
  15 ettins
  11 merfolk impalers
  10 blizzard demons
  18 jiangshi
  3 crystal guardians (Crypt:3)
  A spectral kraken (Tar:7)
  9 great orbs of eyes
  22 mummy priests
  6 deep elf high priests
  3 quicksilver dragon zombies
  8 fire dragons
  Fannar (Lair:2)
  18 yaktaur captains
  22 starcursed masses
  2 quicksilver dragon skeletons
  16 ice dragons
  Harold (D:10)
  6 hell beasts
  5 ironbound thunderhulks
  9 boulder beetles
  9 ironbound frosthearts
  30 vault guards
  A peacekeeper (Vaults:2)
  8 salamander tyrants
  2 catoblepae
  10 hydras
  8 merfolk avatars
  9 rakshasas
  11 spriggan air magi
  A ghost crab (Tar:7)
  20 naga warriors
  3 ogre magi (Vaults:5)
  5 centaur warriors
  5 two-headed ogres
  13 deep troll shamans
  2 death knights (Crypt:1)
  13 merfolk aquamancers
  2 alligators (Shoals:4)
  14 anacondas
  33 dancing weapons
  4 alligator snapping turtles
  7 ironbound beastmasters
  2 satyrs
  7 tengu warriors
  10 deep troll earth magi
  8 vampire magi
  23 death scarabs
  5 death yaks
  4 titan zombies
  39 hell hogs
  4 spriggan berserkers
  49 hell knights
  8 thrashing horrors
  10 shock serpents
  21 soul eaters
  4 iron golems
  8 orc high priests
  A shock serpent (shapeshifter) (Vaults:1)
  2 titan skeletons (Geh:7)
  15 deep elf knights
  23 sun demons
  6 naga sharpshooters
  7 wretched stars
  3 shadow wraiths
  A storm dragon zombie (Coc:3)
  88 skeletal warriors
  12 iron trolls
  2 storm dragon skeletons
  A sixfirhy (Abyss:5)
  A golden dragon zombie (Dis:1)
  54 deep trolls
  14 sea snakes
  A spatial maelstrom (Abyss:5)
  A death drake (shapeshifter) (Zig:14)
  A goliath frog (shapeshifter) (Vaults:5)
  7 salamander mystics
  13 shadow demons
  18 phantasmal warriors
  2 shadow dragon zombies
  A golden dragon skeleton (Coc:3)
  21 ironbound convokers
  12 flayed ghosts
  A tengu zombie (Zig:3)
  6 naga ritualists
  13 lindwurms
  2 obsidian statues
  10 deep elf archers
  3 glowing orange brains
  A glowing orange brain (shapeshifter) (Depths:5)
  11 wizards
  A bog body (IceCv)
  4 anaconda zombies
  35 deep elf pyromancers
  A bunyip skeleton (Crypt:1)
  An infernal demonspawn (Depths:3)
  7 orc knights
  20 harpies
  A wolf spider zombie (Coc:7)
  38 deep elf zephyrmancers
  2 wolf spiders (Zig:4)
  3 anaconda skeletons
  67 ugly things
  2 tengu skeletons
  8 stone giant zombies
  6 fire giant zombies
  4 iron dragon zombies
  19 necromancers
  16 mana vipers
  25 large abominations
  3 shadow dragon skeletons
  7 cyclopes
  An eleionoma zombie (Crypt:2)
  8 orc sorcerers
  7 worldbinders
  5 frost giant zombies
  24 salamanders
  7 fauns (Shoals:1)
  6 elephants
  6 shining eyes
  26 moths of wrath
  Maurice (Orc:2)
  2 iron dragon skeletons
  A salamander (shapeshifter) (Depths:2)
  2 shock serpent zombies
  12 manticores
  14 molten gargoyles
  4 stone giant skeletons
  2 dire elephant zombies
  11 guardian serpents
  6 water nymphs
  4 frost giant skeletons
  5 ice statues
  13 vault sentinels
  45 black mambas
  6 eyes of devastation
  11 smoke demons
  13 merfolk sirens
  12 cane toads
  8 naga magi
  2 fire giant skeletons
  34 rust devils
  An eye of devastation (shapeshifter) (Depths:4)
  2 orange demons
  2 apocalypse crabs
  2 torpor snails
  An elf skeleton (Zig:10)
  2 spriggan skeletons
  4 unseen horrors
  29 hellions
  A rime drake (shapeshifter) (D:15)
  2 dire elephant skeletons
  2 emperor scorpion zombies (Geh:3)
  9 spectral swamp worms (Tar:7)
  A komodo dragon (shapeshifter) (Vaults:5)
  43 yaktaurs
  3 rime drakes
  39 ice devils
  A demonic crawler (Hell)
  9 efreet
  21 tormentors
  29 freezing wraiths
  8 komodo dragons
  2 hellwings
  3 harpy zombies
  30 red devils
  8 trolls
  6 entropy weaver simulacra (IceCv)
  A minotaur skeleton (Crypt:2)
  A death yak skeleton (Crypt:1)
  40 merfolk
  A silent spectre (Tar:6)
  2 trolls (shapeshifter)
  A death drake zombie (Crypt:2)
  The ghost of JBAR the Shield-Bearer, an amateur GnFi of Xom (D:4)
  3 ancient zymes
  5 tengu conjurers
  7 hydra zombies
  37 guardian mummies
  2 polar bears (Lair:6)
  12 wind drakes
  A grey draconian skeleton (Crypt:2)
  10 raiju
  10 blink frogs
  7 meliai (Depths:4)
  4 hornets
  A boulder beetle zombie (Crypt:2)
  9 ettin zombies
  A fire giant simulacrum (Coc:3)
  73 slime creatures
  4 fire dragon zombies
  6 hydra skeletons
  31 dream sheep
  A raiju (shapeshifter) (Vaults:5)
  15 snapping turtles
  2 redbacks
  7 alligator zombies
  A spriggan (shapeshifter) (Vaults:5)
  2 spriggans (Depths:4)
  2 ice dragon zombies
  19 ushabtiu
  5 ettin skeletons
  122 flying skulls
  21 shadows
  3 air elementals
  3 ice dragon skeletons
  4 vampires
  29 wraiths
  3 wyverns
  6 ynoxinuls
  21 fire elementals
  4 black mamba zombies
  A redback (shapeshifter) (Vaults:5)
  6 basilisks
  35 yaks
  3 fire dragon skeletons
  3 dire elephant simulacra (IceCv)
  3 spriggan simulacra (IceCv)
  41 water elementals
  4 fire bats (Geh:5)
  3 hogs (D:13)
  A hog (shapeshifter) (Vaults:5)
  A fire bat (shapeshifter) (Vaults:5)
  11 golden eyes
  8 humans (D:14)
  A black mamba skeleton (Tar:7)
  2 steam dragons
  A golden eye (shapeshifter) (Vaults:5)
  9 vampire mosquitoes
  5 minotaur simulacra (IceCv)
  5 chaos spawn
  2 alligator skeletons
  4 neqoxecs
  4 wargs
  A merfolk zombie (Geh:5)
  4 acid dragons
  Edmund (D:4)
  29 nagas
  A two-headed ogre zombie (Crypt:1)
  A glowing shapeshifter zombie (Crypt:1)
  3 cane toad zombies
  75 hell hounds
  2 human zombies
  A hydra simulacrum (IceCv)
  16 water moccasins
  A deep troll skeleton (Crypt:2)
  An infernal demonspawn skeleton (Crypt:1)
  A floating eye (Zig:16)
  2 floating eyes (shapeshifter)
  4 black bears
  49 orc warriors
  3 manticore zombies
  14 ice beasts
  3 sky beasts
  3 snapping turtle zombies
  17 ogres
  3 cane toad skeletons
  An ettin simulacrum (IceCv)
  6 boggarts
  3 swamp dragon zombies
  A hornet zombie (D:3)
  14 necrophages
  17 wolves
  3 manticore skeletons
  8 phantoms
  2 snapping turtle skeletons
  13 centaurs
  9 small abominations
  An elf zombie (Coc:3)
  3 kobold brigands
  A wyvern zombie (D:8)
  Blork the orc (D:5)
  10 bullfrogs
  2 gnoll sergeants
  5 deep troll simulacra (IceCv)
  2 earth elementals
  6 scorpions
  A water moccasin zombie (D:6)
  A wyvern skeleton (Crypt:2)
  A water moccasin skeleton (D:6)
  3 lindwurm simulacra (IceCv)
  Dowan (D:4)
  A polar bear skeleton (Crypt:1)
  53 wights
  A troll skeleton (Hell)
  3 howler monkeys
  A crimson imp (Geh:3)
  2 centaur zombies
  2 quasits (D:4)
  4 hounds
  11 orc priests
  A centaur skeleton (D:6)
  3 human skeletons
  21 iron imps
  A bullfrog skeleton (D:5)
  A basilisk skeleton (Crypt:1)
  Terence (D:2)
  3 iguanas
  9 hell rats
  22 orc wizards
  A killer bee zombie (D:7)
  An ogre zombie (Dis:1)
  A demigod skeleton (Crypt:1)
  Robin (D:2)
  26 mummies
  15 gnolls
  A gnoll (shapeshifter) (Vaults:5)
  8 adders
  2 howler monkey skeletons (D:7)
  4 river rats (Lair:1)
  4 shadow imps
  A steam dragon skeleton (Crypt:1)
  12 white imps
  An ufetubus (D:5)
  A worm zombie (Crypt:2)
  A halfling skeleton (Crypt:1)
  4 worms
  A worm (shapeshifter) (Vaults:5)
  69 orcs
  10 endoplasms
  6 giant cockroaches
  15 goblins
  7 hobgoblins
  5 jackals (Sewer)
  3 quokkas
  10 ball pythons
  8 bats
  6 frilled lizards
  32 kobolds
  30 rats
  3 starspawn tentacles
  3 tentacles (Shoals:4)
4060 creatures vanquished.

Vanquished Creatures (collateral kills)
  An alligator snapping turtle (Shoals:4)
  A merfolk avatar (Shoals:4)
  A salamander (Snake:4)
  A naga mage (Snake:4)
  A vampire (D:12)
  4 vampire mosquitoes (D:12)
9 creatures vanquished.

Vanquished Creatures (others)
  A Killer Klown (Zig:14)
  A shard shrike (Coc:7)
  A draconian knight (Zot:1)
  An ironbound preserver (Vaults:5)
  A very ugly thing (Zig:14)
  A yaktaur captain (Vaults:4)
  A vault guard (Vaults:5)
  A hell knight (Geh:3)
  2 hell hogs
  A deep elf knight (Elf:3)
  A skeletal warrior (Crypt:3)
  A deep elf archer (Elf:2)
  A necromancer (Geh:3)
  2 wizards (Vaults:2)
  A deep elf pyromancer (Elf:3)
  An ugly thing (Depths:3)
  2 naga magi (Snake:1)
  An unseen horror (Depths:2)
  A tengu conjurer (D:13)
  A harpy skeleton (Geh:2)
  A hydra skeleton (Dis:4)
  A flying skull (Geh:3)
  A large abomination (Zig:16)
  A shadow (Geh:2)
  A fire elemental (Geh:3)
  A small abomination (Abyss:5)
  3 wights
  4 iron imps
  An orc wizard (D:10)
  2 white imps
  An orc skeleton (Geh:3)
  33 fungi
  83 plants
  7 starspawn tentacles
  10 tentacles
  4 toadstools (D:4)
177 creatures vanquished.

Grand Total: 4246 creatures vanquished

Notes
Turn   | Place    | Note
-------+----------+-------------------------------------------
     0 | D:1      | sixthgate the Gnoll Gladiator began the quest for the Orb.
     0 | D:1      | Reached XP level 1. HP: 20/20 MP: 1/1
   112 | D:1      | Reached XP level 2. HP: 26/26 MP: 2/2
   637 | D:1      | Reached XP level 3. HP: 27/31 MP: 3/3
  1179 | D:2      | Reached skill level 1 in Invocations
  1371 | D:2      | Identified the +5 helmet of the Alphagorgon {-Cast Will+
                  | Str+4 SInv}
  1371 | D:2      | Noticed Robin
  1401 | D:2      | Killed Robin
  1402 | D:2      | Reached skill level 1 in Short Blades
  1402 | D:2      | Reached skill level 1 in Axes
  1402 | D:2      | Reached skill level 1 in Maces & Flails
  1402 | D:2      | Reached skill level 1 in Polearms
  1402 | D:2      | Reached skill level 1 in Staves
  1402 | D:2      | Reached skill level 1 in Slings
  1402 | D:2      | Reached skill level 1 in Bows
  1402 | D:2      | Reached skill level 1 in Crossbows
  1402 | D:2      | Reached skill level 1 in Armour
  1402 | D:2      | Reached skill level 1 in Stealth
  1402 | D:2      | Reached skill level 1 in Shields
  1402 | D:2      | Reached skill level 1 in Unarmed Combat
  1402 | D:2      | Reached skill level 1 in Spellcasting
  1402 | D:2      | Reached skill level 1 in Evocations
  1402 | D:2      | Reached XP level 4. HP: 21/38 MP: 5/5
  1651 | D:2      | Found an ancient bone altar of Kikubaaqudgha.
  1770 | D:2      | Noticed Terence
  1790 | D:2      | Killed Terence
  1791 | D:2      | Reached skill level 1 in Conjurations
  1791 | D:2      | Reached skill level 1 in Hexes
  1791 | D:2      | Reached skill level 1 in Summonings
  1791 | D:2      | Reached skill level 1 in Necromancy
  1791 | D:2      | Reached skill level 1 in Translocations
  1791 | D:2      | Reached skill level 1 in Transmutations
  1791 | D:2      | Reached skill level 1 in Fire Magic
  1791 | D:2      | Reached skill level 1 in Ice Magic
  1791 | D:2      | Reached skill level 1 in Air Magic
  1791 | D:2      | Reached skill level 1 in Earth Magic
  1791 | D:2      | Reached skill level 1 in Poison Magic
  2081 | D:2      | You fall into a shaft and drop 1 floor!
  2221 | D:3      | Found a glowing drain.
  2226 | D:3      | Reached XP level 5. HP: 43/43 MP: 5/7
  2233 | Sewer    | Entered a sewer
  3125 | Sewer    | Identified a scroll of acquirement
  3125 | Sewer    | Acquired 410 gold pieces
  3412 | D:3      | Reached XP level 6. HP: 14/50 MP: 8/8
  4636 | D:4      | Noticed Dowan
  4670 | D:4      | Killed Dowan
  4671 | D:4      | Reached skill level 5 in Fighting
  4671 | D:4      | Reached skill level 5 in Throwing
  4789 | D:4      | Found a transporter.
  4808 | D:4      | Found a transporter.
  4822 | D:4      | Noticed Duvessa
  4829 | D:4      | Noticed Duvessa
  4829 | D:4      | Duvessa changed into Duvessa the steam dragon
  4835 | D:4      | Killed Duvessa the steam dragon
  4836 | D:4      | Reached XP level 7. HP: 11/56 MP: 10/10
  5100 | D:4      | Found a one-way gate to the infinite horrors of the Abyss.
  5291 | D:4      | Noticed JBAR's ghost (amateur GnFi)
  5645 | D:4      | Noticed Edmund
  5656 | D:4      | Killed Edmund
  5797 | D:5      | Entered Level 5 of the Dungeon
  5800 | D:5      | Noticed Blork the orc
  5812 | D:5      | Killed Blork the orc
  5983 | D:5      | Reached XP level 8. HP: 55/63 MP: 12/12
  6256 | D:5      | Found a staircase to the Ecumenical Temple.
  6273 | Temple   | Entered the Ecumenical Temple
  7863 | D:6      | Identified the +2 hat of the Blacksmith {Will+ Stlth+}
  7871 | D:6      | Reached XP level 9. HP: 63/69 MP: 14/14
  9689 | D:7      | Found a snail-covered altar of Cheibriados.
  9712 | D:7      | Became a worshipper of Cheibriados the Contemplative
 10195 | D:8      | Reached skill level 5 in Invocations
 10833 | D:8      | Found an ancient bone altar of Kikubaaqudgha.
 10833 | D:8      | Found an ornate altar of the Wu Jian Council.
 10834 | D:8      | Found a bloodstained altar of Trog.
 10868 | D:8      | Found an iron altar of Okawaru.
 10868 | D:8      | Found a shadowy altar of Dithmenos.
 11270 | D:9      | Found a hazy altar of Hepliaklqana.
 11295 | D:9      | Reached * piety under Cheibriados
 11309 | D:9      | Reached XP level 10. HP: 46/77 MP: 17/17
 11509 | D:9      | Got Jeiwn's Handbook of Burning Confrontation
 11512 | D:9      | Noticed a two-headed ogre
 11515 | D:9      | Killed a two-headed ogre
 11516 | D:9      | Reached skill level 5 in Short Blades
 11516 | D:9      | Reached skill level 5 in Axes
 11516 | D:9      | Reached skill level 5 in Maces & Flails
 11516 | D:9      | Reached skill level 5 in Polearms
 11516 | D:9      | Reached skill level 5 in Staves
 11516 | D:9      | Reached skill level 5 in Slings
 11516 | D:9      | Reached skill level 5 in Bows
 11516 | D:9      | Reached skill level 5 in Crossbows
 11516 | D:9      | Reached skill level 5 in Armour
 11516 | D:9      | Reached skill level 5 in Stealth
 11516 | D:9      | Reached skill level 5 in Shields
 11516 | D:9      | Reached skill level 5 in Unarmed Combat
 11516 | D:9      | Reached skill level 5 in Spellcasting
 11516 | D:9      | Reached skill level 5 in Evocations
 12204 | D:9      | Found a sparkling altar of Nemelex Xobeh.
 12269 | D:10     | Entered Level 10 of the Dungeon
 12275 | D:10     | Found Nanegilo's Book Shoppe.
 12440 | D:10     | Reached ** piety under Cheibriados
 12564 | D:10     | Noticed Harold
 12587 | D:10     | Killed Harold
 12698 | D:10     | Noticed a centaur warrior
 12833 | D:10     | Killed a centaur warrior
 12834 | D:10     | Reached XP level 11. HP: 79/84 MP: 19/19
 13042 | D:10     | Noticed a wizard
 13054 | D:10     | Reached skill level 5 in Conjurations
 13054 | D:10     | Reached skill level 5 in Hexes
 13054 | D:10     | Reached skill level 5 in Summonings
 13054 | D:10     | Reached skill level 5 in Necromancy
 13054 | D:10     | Reached skill level 5 in Translocations
 13054 | D:10     | Reached skill level 5 in Transmutations
 13054 | D:10     | Reached skill level 5 in Fire Magic
 13054 | D:10     | Reached skill level 5 in Ice Magic
 13054 | D:10     | Reached skill level 5 in Air Magic
 13054 | D:10     | Reached skill level 5 in Earth Magic
 13054 | D:10     | Reached skill level 5 in Poison Magic
 13067 | D:10     | Killed a wizard
 13295 | D:10     | Reached *** piety under Cheibriados
 13322 | D:10     | Found a staircase to the Orcish Mines.
 13335 | D:10     | Found a hide-covered altar of Uskayaw.
 13396 | D:11     | Noticed a six-headed hydra
 13561 | D:11     | Noticed a deep elf pyromancer
 13760 | D:12     | Found a basalt altar of Yredelemnul.
 13783 | D:12     | Noticed a cyan ugly thing
 13797 | D:12     | Killed a cyan ugly thing
 13928 | D:12     | Reached **** piety under Cheibriados
 13967 | D:12     | Noticed a purple ugly thing
 13975 | D:12     | Killed a purple ugly thing
 14480 | D:12     | Noticed a boulder beetle
 14483 | D:12     | Noticed a deep elf pyromancer
 14652 | D:13     | Noticed Azrael
 14665 | D:12     | Killed Azrael
 14666 | D:12     | Reached XP level 12. HP: 58/94 MP: 13/22
 14785 | D:11     | Found an iron altar of Okawaru.
 14856 | D:11     | Killed a two-headed hydra
 14945 | D:11     | Found a staircase to the Lair.
 14999 | D:11     | Noticed a boulder beetle
 15019 | D:11     | Killed a boulder beetle
 15533 | D:12     | Killed a boulder beetle
 15553 | D:12     | Noticed a boulder beetle
 15565 | D:12     | Killed a boulder beetle
 15571 | D:12     | Reached skill level 10 in Long Blades
 15571 | D:12     | Reached skill level 10 in Dodging
 15734 | Lair:1   | Entered Level 1 of the Lair of Beasts
 16337 | Lair:1   | Noticed a five-headed hydra
 16343 | Lair:1   | Killed a two-headed hydra
 16596 | Lair:2   | You fall into a shaft and drop 1 floor!
 16597 | Lair:3   | Noticed a five-headed hydra
 16606 | Lair:3   | Killed a one-headed hydra
 16729 | Lair:3   | Found a staircase to the Shoals.
 16745 | Lair:3   | Reached XP level 13. HP: 89/101 MP: 24/24
 16753 | Lair:3   | Reached ***** piety under Cheibriados
 17219 | Lair:2   | Noticed Fannar
 17238 | Lair:2   | Killed Fannar
 17294 | Lair:2   | Learned a level 1 spell: Apportation
 17399 | Lair:2   | Reached ****** piety under Cheibriados
 18948 | Lair:4   | Identified the ring "Qood" {Wiz Dex+4}
 19087 | Lair:4   | Reached XP level 14. HP: 109/109 MP: 26/26
 19097 | Lair:4   | Reached skill level 10 in Fighting
 19097 | Lair:4   | Reached skill level 10 in Throwing
 19219 | Lair:4   | Found a staircase to the Snake Pit.
 19773 | Lair:5   | You fall into a shaft and drop 1 floor!
 19773 | Lair:6   | Entered Level 6 of the Lair of Beasts
 20165 | Lair:6   | Reached skill level 10 in Invocations
 20182 | Lair:5   | Found a runed translucent door.
 20183 | Lair:5   | Found a viscous altar of Jiyva.
 20184 | Lair:5   | Found a staircase to the Slime Pits.
 20184 | Lair:5   | Noticed an azure jelly
 21550 | Lair:6   | Learned a level 2 spell: Passwall
 22245 | D:4      | Killed JBAR's ghost
 23037 | D:13     | Learned a level 6 spell: Statue Form
 23183 | D:13     | Noticed Kirke
 23191 | D:13     | Killed Kirke
 23192 | D:13     | Reached XP level 15. HP: 117/117 MP: 28/28
 23384 | D:14     | Found a frozen archway.
 23411 | IceCv    | Entered an ice cave
 23566 | IceCv    | Acquired the ring "Ynuss" {rC+ Will+ Int+4}
 23858 | IceCv    | Reached skill level 10 in Short Blades
 23858 | IceCv    | Reached skill level 10 in Axes
 23858 | IceCv    | Reached skill level 10 in Maces & Flails
 23858 | IceCv    | Reached skill level 10 in Polearms
 23858 | IceCv    | Reached skill level 10 in Staves
 23858 | IceCv    | Reached skill level 10 in Slings
 23858 | IceCv    | Reached skill level 10 in Bows
 23858 | IceCv    | Reached skill level 10 in Crossbows
 23858 | IceCv    | Reached skill level 10 in Armour
 23858 | IceCv    | Reached skill level 10 in Stealth
 23858 | IceCv    | Reached skill level 10 in Shields
 23858 | IceCv    | Reached skill level 10 in Unarmed Combat
 23858 | IceCv    | Reached skill level 10 in Spellcasting
 23858 | IceCv    | Reached skill level 10 in Evocations
 24006 | IceCv    | Identified the +1 robe of Xibip {rC- Str+6}
 24150 | D:14     | Found a gate to the Vaults.
 24815 | D:14     | Noticed Rupert
 24818 | D:14     | Noticed Frances
 24828 | D:14     | Killed Rupert
 24830 | D:14     | Killed Frances
 24927 | D:15     | Entered Level 15 of the Dungeon
 25282 | D:15     | Reached XP level 16. HP: 125/125 MP: 30/30
 25561 | D:15     | Found a staircase to the Depths.
 25878 | Orc:1    | Entered Level 1 of the Orcish Mines
 25945 | Orc:1    | Noticed Jorgrun
 25964 | Orc:1    | Killed Jorgrun
 26055 | Orc:2    | Entered Level 2 of the Orcish Mines
 26055 | Orc:2    | Noticed Maurice
 26063 | Orc:2    | Found Fisealli's Antique Armour Shoppe.
 26067 | Orc:2    | Killed Maurice
 26106 | Orc:2    | Found Aqe Loza's General Store.
 26218 | Orc:2    | Bought a potion of heal wounds for 60 gold pieces
 26218 | Orc:2    | Bought a scroll of teleportation for 36 gold pieces
 26401 | Orc:2    | Found Tadasiq's Antique Weapon Emporium.
 26416 | Orc:2    | Found a staircase to the Elven Halls.
 26668 | Orc:2    | Found Mimipeit's Jewellery Emporium.
 27484 | Orc:2    | Bought a +4 ring of slaying for 1170 gold pieces
 27511 | Elf:1    | Entered Level 1 of the Elven Halls
 27544 | Elf:1    | Found a radiant altar of Vehumet.
 27576 | Elf:1    | Found Viepput's Armour Shop.
 28862 | Elf:1    | Got the Tome of Supportive Confrontation
 29046 | Elf:1    | Identified the +1 ring mail of Limited Liability {Drain
                  | rF++}
 29504 | Elf:2    | Reached XP level 17. HP: 97/133 MP: 20/32
 30149 | Elf:2    | Found a runed translucent gate.
 30155 | Elf:2    | Found a runed translucent gate.
 30155 | Elf:2    | Found a runed translucent gate.
 30733 | Elf:2    | Noticed a deep elf blademaster
 30740 | Elf:2    | Killed a deep elf blademaster
 30741 | Elf:2    | Reached skill level 10 in Conjurations
 30741 | Elf:2    | Reached skill level 10 in Hexes
 30741 | Elf:2    | Reached skill level 10 in Summonings
 30741 | Elf:2    | Reached skill level 10 in Necromancy
 30741 | Elf:2    | Reached skill level 10 in Translocations
 30741 | Elf:2    | Reached skill level 10 in Transmutations
 30741 | Elf:2    | Reached skill level 10 in Fire Magic
 30741 | Elf:2    | Reached skill level 10 in Ice Magic
 30741 | Elf:2    | Reached skill level 10 in Air Magic
 30741 | Elf:2    | Reached skill level 10 in Earth Magic
 30741 | Elf:2    | Reached skill level 10 in Poison Magic
 31208 | Elf:3    | Entered Level 3 of the Elven Halls
 31308 | Elf:3    | Found a shimmering blue altar of Sif Muna.
 31670 | Elf:3    | Noticed a deep elf blademaster
 31675 | Elf:3    | Killed a deep elf blademaster
 31676 | Elf:3    | Reached XP level 18. HP: 142/142 MP: 24/33
 31801 | Elf:3    | Noticed a Brimstone Fiend
 31803 | Elf:3    | Identified the +5 demon blade of Starshine {venom, Str+7
                  | Int-3}
 31876 | Elf:3    | Noticed a deep elf master archer
 31884 | Elf:3    | Killed a deep elf master archer
 31891 | Elf:3    | Identified the +0 rapier of Xalahy {protect, Contam rPois
                  | Dex+4}
 32021 | Elf:3    | Noticed a deep elf blademaster
 32032 | Elf:3    | Killed a deep elf blademaster
 32139 | Elf:3    | Got the Compendium of Poison
 32193 | Elf:3    | Noticed a deep elf blademaster
 32240 | Elf:3    | Identified the ring of Fonoyqagh {AC+4 SInv}
 32296 | Elf:3    | Noticed a deep elf master archer
 32303 | Elf:3    | Killed a deep elf master archer
 33089 | Snake:1  | Entered Level 1 of the Snake Pit
 33129 | Snake:1  | Reached XP level 19. HP: 108/149 MP: 16/35
 33280 | Snake:1  | Found Laajo Yps's Distillery.
 33281 | Snake:1  | Found Ujeoheri's Book Shop.
 33281 | Snake:1  | Found Vegucux's Weapon Boutique.
 33282 | Snake:1  | Found Zocuz's Magic Scroll Emporium.
 33320 | Snake:1  | Bought a potion of heal wounds for 80 gold pieces
 33320 | Snake:1  | Bought a potion of curing for 48 gold pieces
 33320 | Snake:1  | Bought a potion of magic for 128 gold pieces
 33320 | Snake:1  | Bought a potion of magic for 128 gold pieces
 33322 | Snake:1  | Bought a scroll of teleportation for 36 gold pieces
 33322 | Snake:1  | Bought 3 scrolls of teleportation for 108 gold pieces
 33322 | Snake:1  | Bought 2 scrolls of identify for 48 gold pieces
 33322 | Snake:1  | Bought a scroll of magic mapping for 42 gold pieces
 33322 | Snake:1  | Bought a scroll of fog for 24 gold pieces
 33993 | Snake:2  | Found Eqiehe Nusso's Jewellery Emporium.
 33993 | Snake:2  | Found Vymumirela's Book Boutique.
 33994 | Snake:2  | Found Fyxiremo's Jewellery Emporium.
 34002 | Snake:2  | Bought a manual of Spellcasting for 1120 gold pieces
 35618 | Snake:4  | Entered Level 4 of the Snake Pit
 35731 | Snake:4  | Noticed Bai Suzhen
 35748 | Snake:4  | Killed Bai Suzhen
 35998 | Snake:4  | Noticed Aizul
 36010 | Snake:4  | Killed Aizul
 36698 | Snake:4  | Reached XP level 20. HP: 158/158 MP: 34/37
 36699 | Snake:4  | Reached skill level 15 in Long Blades
 36815 | Snake:4  | Noticed Asterion
 36819 | Snake:4  | Killed Asterion
 37024 | Snake:4  | Got a serpentine rune of Zot
 37421 | Vaults:1 | Entered Level 1 of the Vaults
 37502 | Vaults:1 | HP: 9/206 [deep troll[an ironbound preserver] (4)]
 37594 | Vaults:1 | Found a huge runed gate.
 37594 | Vaults:1 | Found a huge runed gate.
 37594 | Vaults:1 | Found a huge runed gate.
 37595 | Vaults:1 | Found a huge runed gate.
 37615 | Vaults:1 | Found a huge runed gate.
 37616 | Vaults:1 | Found a huge runed gate.
 37618 | Vaults:1 | Found a huge runed gate.
 37618 | Vaults:1 | Found a huge runed gate.
 37618 | Vaults:1 | Found a huge runed gate.
 37618 | Vaults:1 | Found a huge runed gate.
 37623 | Vaults:1 | Found a huge runed gate.
 37623 | Vaults:1 | Found a huge runed gate.
 37623 | Vaults:1 | Found a huge runed gate.
 37623 | Vaults:1 | Found a huge runed gate.
 37623 | Vaults:1 | Found a huge runed gate.
 37623 | Vaults:1 | Found a huge runed gate.
 37624 | Vaults:1 | Found a huge runed gate.
 37625 | Vaults:1 | Found a huge runed gate.
 37626 | Vaults:1 | Found a huge runed gate.
 37634 | Vaults:1 | Found a huge runed gate.
 37634 | Vaults:1 | Found a huge runed gate.
 37634 | Vaults:1 | Found a huge runed gate.
 37634 | Vaults:1 | Found a huge runed gate.
 37634 | Vaults:1 | Found a huge runed gate.
 37634 | Vaults:1 | Found a huge runed gate.
 37634 | Vaults:1 | Found a huge runed gate.
 37635 | Vaults:1 | Found a huge runed gate.
 37636 | Vaults:1 | Found a huge runed gate.
 37645 | Vaults:1 | Found a huge runed gate.
 37645 | Vaults:1 | Found a huge runed gate.
 37645 | Vaults:1 | Found a huge runed gate.
 37645 | Vaults:1 | Found a huge runed gate.
 37645 | Vaults:1 | Found a huge runed gate.
 37645 | Vaults:1 | Found a huge runed gate.
 37646 | Vaults:1 | Found a huge runed gate.
 37668 | Vaults:1 | Found a huge runed gate.
 38570 | Vaults:2 | Found Guatyen's Jewellery Shop.
 38583 | Vaults:2 | Bought the ring of the Mage {Wiz Will++ Int+3} for 878 gold
                  | pieces
 38583 | Vaults:2 | Found the ring of the Mage {Wiz Will++ Int+3}
 38593 | Vaults:2 | Learned a level 9 spell: Shatter
 38784 | Vaults:2 | Found Kesogh's General Store.
 38798 | Vaults:2 | Reached XP level 21. HP: 166/166 MP: 35/39
 38824 | Vaults:2 | Identified the -1 helmet of the Tarantula {SInv}
 38871 | Vaults:2 | Reached skill level 15 in Polearms
 38936 | Vaults:2 | Found Weuru's Distillery.
 38953 | Vaults:2 | Bought a potion of curing for 51 gold pieces
 38953 | Vaults:2 | Bought a potion of heal wounds for 85 gold pieces
 38953 | Vaults:2 | Bought a potion of curing for 51 gold pieces
 38970 | Vaults:2 | Found a staircase to the Crypt.
 38970 | Vaults:2 | Found a basalt altar of Yredelemnul.
 38971 | Vaults:2 | Found an ancient bone altar of Kikubaaqudgha.
 38994 | Vaults:2 | Found Ytyism's Magic Scroll Shop.
 39027 | Vaults:2 | Reached skill level 15 in Dodging
 39276 | Vaults:2 | Reached skill level 15 in Spellcasting
 39692 | Vaults:2 | Found Fycwecw's Antique Armour Shop.
 39698 | Vaults:2 | Bought a pair of faintly humming boots for 247 gold pieces
 39698 | Vaults:2 | Identified the -3 pair of boots of Proximity {rPois Will-
                  | Dex+4} (You bought it in a shop on level 2 of the Vaults)
 39720 | Vaults:2 | Reached skill level 15 in Invocations
 39955 | Vaults:2 | Bought a runed cloak for 195 gold pieces
 41607 | Vaults:4 | Reached XP level 22. HP: 140/174 MP: 32/41
 42082 | Vaults:4 | Reached skill level 15 in Fighting
 42082 | Vaults:4 | Reached skill level 15 in Throwing
 42820 | Shoals:1 | Entered Level 1 of the Shoals
 43128 | Shoals:1 | Noticed Louise
 43135 | Shoals:1 | Killed Louise
 43739 | Shoals:2 | Noticed Ilsuiw
 43776 | Shoals:2 | Killed Ilsuiw
 43900 | Shoals:2 | Noticed Polyphemus
 43925 | Shoals:2 | Killed Polyphemus
 44487 | Shoals:3 | Found Wuuzuuqe's Magic Scroll Shop.
 44537 | Shoals:3 | Bought a scroll of teleportation for 42 gold pieces
 44537 | Shoals:3 | Bought a scroll of magic mapping for 49 gold pieces
 44537 | Shoals:3 | Bought a scroll of teleportation for 42 gold pieces
 44537 | Shoals:3 | Bought a scroll of magic mapping for 49 gold pieces
 44537 | Shoals:3 | Bought a scroll of teleportation for 42 gold pieces
 44942 | Shoals:4 | Entered Level 4 of the Shoals
 45586 | Shoals:4 | Got a barnacled rune of Zot
 45778 | Shoals:4 | Reached XP level 23. HP: 182/182 MP: 43/43
 46375 | Depths:1 | Entered Level 1 of the Depths
 46375 | Depths:1 | Found Suyb Hoo's Antique Armour Emporium.
 46380 | Depths:1 | Found Vanevaem's Assorted Antiques.
 46411 | Depths:1 | Reached skill level 15 in Short Blades
 46411 | Depths:1 | Reached skill level 15 in Axes
 46411 | Depths:1 | Reached skill level 15 in Maces & Flails
 46411 | Depths:1 | Reached skill level 15 in Staves
 46411 | Depths:1 | Reached skill level 15 in Slings
 46411 | Depths:1 | Reached skill level 15 in Bows
 46411 | Depths:1 | Reached skill level 15 in Crossbows
 46411 | Depths:1 | Reached skill level 15 in Armour
 46411 | Depths:1 | Reached skill level 15 in Stealth
 46411 | Depths:1 | Reached skill level 15 in Shields
 46411 | Depths:1 | Reached skill level 15 in Unarmed Combat
 46411 | Depths:1 | Reached skill level 15 in Evocations
 46456 | Depths:1 | Found Sobillusm's General Store.
 46460 | Depths:1 | Bought a scroll of fog for 86 gold pieces
 46473 | Depths:1 | Bought a scroll of teleportation for 54 gold pieces
 46489 | Depths:1 | Bought a pair of jewelled gloves for 285 gold pieces
 46489 | Depths:1 | Identified the +1 pair of gloves of the Armadillo {Will+}
                  | (You bought it in a shop on level 1 of the Depths)
 46842 | Depths:1 | Found a white marble altar of Elyvilon.
 46877 | Depths:1 | Found a gateway to Hell.
 46945 | Depths:1 | Found a blossoming altar of Fedhas.
 47233 | Depths:2 | Identified the +3 leather armour of the Orb {Drain Regen+
                  | Dex+2}
 47275 | Depths:2 | Reached skill level 15 in Hexes
 47997 | Depths:2 | Found a glowing golden altar of the Shining One.
 48083 | Depths:2 | Reached XP level 24. HP: 191/191 MP: 40/44
 48154 | Depths:2 | You fall into a shaft and drop 2 floors!
 48218 | Depths:3 | Found a gateway to a ziggurat.
 48351 | Depths:3 | Found a magical portal.
 48366 | WizLab   | Entered The Hall of the Hellbinder
 48602 | WizLab   | Found a burning altar of Makhleb.
 48628 | WizLab   | Identified the ring "Hefinehit" {Wiz Stlth+}
 48668 | WizLab   | Got Mnoleg's Volume of Summoning
 48673 | WizLab   | Got the Disquisition on Conjuration
 49207 | Depths:3 | Found a one-way gate leading to the halls of Pandemonium.
 49485 | Depths:3 | Found Dahas's General Store.
 49491 | Depths:3 | Bought a scroll of magic mapping for 73 gold pieces
 49879 | Depths:4 | Noticed a caustic shrike
 49883 | Depths:4 | Killed a caustic shrike
 49991 | Depths:4 | Noticed a juggernaut
 50421 | Depths:4 | Killed a juggernaut
 50422 | Depths:4 | Reached XP level 25. HP: 199/199 MP: 43/45
 51033 | Depths:4 | Reached skill level 15 in Translocations
 51455 | Depths:5 | Entered Level 5 of the Depths
 51515 | Depths:5 | Found the +2 hat of the Bear Spirit {Spirit, +Rage rN+
                  | Will++}
 51904 | Depths:5 | Found a portal to a secret trove of treasure.
 51953 | Depths:5 | Found an ornate altar of the Wu Jian Council.
 52102 | Depths:5 | Found a gate to the Realm of Zot.
 52633 | Vaults:5 | Entered Level 5 of the Vaults
 52670 | Vaults:5 | Reached skill level 15 in Summonings
 52691 | Vaults:5 | Reached XP level 26. HP: 205/208 MP: 43/46
 52710 | Vaults:5 | Noticed a dread lich
 52760 | Vaults:5 | Killed a dread lich
 52796 | Vaults:5 | Noticed a dread lich
 52810 | Vaults:5 | Identified the +0 robe of the Tundras {rC- MP+9 Dex+8}
 52843 | Vaults:5 | Killed a dread lich
 53367 | Vaults:5 | Acquired 265 gold pieces
 53584 | Vaults:5 | Got a silver rune of Zot
 53860 | Vaults:5 | Reached XP level 27. HP: 206/216 MP: 47/47
 54051 | Vaults:5 | Found the +0 mask of the Dragon {Will+ Slay+3 SInv}
 54061 | Vaults:5 | Identified the +2 pair of gloves "Perausa" {+Inv rC- Str+8
                  | Stlth+}
 54320 | Crypt:1  | Entered Level 1 of the Crypt
 55097 | Crypt:2  | Found a transporter.
 55103 | Crypt:2  | Noticed a royal mummy
 55120 | Crypt:2  | Noticed Roocroe's ghost (veteran MiGl)
 55120 | Crypt:2  | Noticed Hynnuzim's ghost (veteran CeHu)
 55121 | Crypt:2  | Noticed a royal mummy
 55143 | Crypt:2  | Killed Roocroe's ghost
 55144 | Crypt:2  | Reached skill level 15 in Conjurations
 55144 | Crypt:2  | Reached skill level 15 in Necromancy
 55144 | Crypt:2  | Reached skill level 15 in Transmutations
 55144 | Crypt:2  | Reached skill level 15 in Fire Magic
 55144 | Crypt:2  | Reached skill level 15 in Ice Magic
 55144 | Crypt:2  | Reached skill level 15 in Air Magic
 55144 | Crypt:2  | Reached skill level 15 in Earth Magic
 55144 | Crypt:2  | Reached skill level 15 in Poison Magic
 55146 | Crypt:2  | Killed a royal mummy
 55166 | Crypt:2  | Killed a royal mummy
 55209 | Crypt:2  | Killed Hynnuzim's ghost
 55230 | Crypt:2  | Found a transporter.
 55248 | Crypt:2  | Identified the +1 helmet "Jiamokom" {Contam rPois Regen+
                  | Int+3}
 55949 | Crypt:2  | Identified the +6 chain mail of Submission {Str+9}
 56189 | Crypt:3  | Entered Level 3 of the Crypt
 56502 | Crypt:3  | Noticed Jory
 56513 | Crypt:3  | Killed Jory
 57185 | Crypt:3  | Noticed a dread lich
 57195 | Crypt:3  | Killed a dread lich
 57201 | Crypt:3  | Found a basalt altar of Yredelemnul.
 57280 | Crypt:3  | Found the +13 scythe of Curses {drain, Drain}
 57335 | Crypt:3  | Found a staircase to the Tomb.
 57360 | Crypt:3  | Noticed Sojobo
 57379 | Crypt:3  | Killed Sojobo
 57564 | Crypt:3  | Identified the ring of Equilibrium {rPois rN+ Str+2}
 57564 | Crypt:3  | Identified the ring of False Pretenses {rN+ Stlth+}
 57907 | Depths:5 | You paid a toll of a +7 demon whip to enter a treasure
                  | trove
 57908 | Trove    | Entered a treasure trove
 57922 | Trove    | Identified the ring of Zyemovonk {Fire Str-3 Dex+4}
 58269 | Slime:1  | Entered Level 1 of the Pits of Slime
 58308 | Slime:2  | Gained mutation: Your magical capacity is low. (-10% MP) [a
                  | shining eye]
 58486 | Slime:5  | Entered Level 5 of the Pits of Slime
 58674 | Slime:4  | Gained mutation: Your body sometimes deteriorates upon
                  | taking damage. [a shining eye]
 58871 | Slime:5  | Noticed the Royal Jelly
 58918 | Slime:4  | Gained mutation: Your magical capacity is very low. (-20%
                  | MP) [a shining eye]
 58919 | Slime:4  | Gained mutation: Your magical capacity is extremely low.
                  | (-30% MP) [a shining eye]
 58919 | Slime:4  | Gained mutation: You occasionally shout uncontrollably at
                  | your foes. [a shining eye]
 58921 | Slime:4  | Gained mutation: You are dopey. (Int -2) [a shining eye]
 58925 | Slime:4  | Gained mutation: You frequently scream uncontrollably at
                  | your foes. [a shining eye]
 59024 | Slime:5  | Found a viscous altar of Jiyva.
 59148 | Slime:5  | Killed the Royal Jelly
 59192 | Slime:5  | Identified the ring "Ciwka" {rPois rF+}
 59194 | Slime:5  | Identified the ring of Ylimn {rC+ Int+4 Dex-4 Stlth+}
 59228 | Slime:5  | Got a slimy rune of Zot
 59229 | Slime:5  | Identified the +1 long sword of Conscience {freeze, *Slow
                  | rF+ rC+++ Stlth+}
 59254 | Slime:5  | Identified the +10 triple sword of a treasure trove {drain,
                  | rPois rN+ MP+9 Str+2}
 59720 | Depths:1 | Voluntarily entered the Abyss.
 59720 | Abyss:1  | Found a corrupted altar of Lugonu.
 59723 | Abyss:1  | Identified the ring "Humiulel" {rN+ rCorr Str+7}
 60042 | Abyss:1  | Found a corrupted altar of Lugonu.
 60117 | Abyss:1  | Identified the +1 robe of the Demon Prince {rN+}
 60295 | Abyss:5  | Entered Level 5 of the Abyss
 60295 | Abyss:5  | Found a corrupted altar of Lugonu.
 60595 | Abyss:5  | Got an abyssal rune of Zot
 60626 | Depths:1 | Escaped the Abyss
 60704 | Zot:1    | Entered Level 1 of the Realm of Zot
 60710 | Zot:1    | Lost mutation: Your magical capacity is extremely low.
                  | (-30% MP) [potion of mutation]
 60710 | Zot:1    | Lost mutation: You are dopey. (Int -2) [potion of mutation]
 60710 | Zot:1    | Lost mutation: Your body sometimes deteriorates upon taking
                  | damage. [potion of mutation]
 60710 | Zot:1    | Gained mutation: Your body sometimes deteriorates upon
                  | taking damage. [potion of mutation]
 60710 | Zot:1    | Gained mutation: You have sharp toenails. [potion of
                  | mutation]
 60711 | Zot:1    | Lost mutation: Your magical capacity is very low. (-20% MP)
                  | [potion of mutation]
 60711 | Zot:1    | Lost mutation: You have sharp toenails. [potion of
                  | mutation]
 60711 | Zot:1    | Gained mutation: Your mind is acute. (Int +2) [potion of
                  | mutation]
 60712 | Zot:1    | Lost mutation: Your mind is acute. (Int +2) [potion of
                  | mutation]
 60712 | Zot:1    | Lost mutation: You frequently scream uncontrollably at your
                  | foes. [potion of mutation]
 60712 | Zot:1    | Lost mutation: Your magical capacity is low. (-10% MP)
                  | [potion of mutation]
 60712 | Zot:1    | Gained mutation: Your muscles are strong. (Str +2) [potion
                  | of mutation]
 60712 | Zot:1    | Lost mutation: You occasionally shout uncontrollably at
                  | your foes. [potion of mutation]
 60712 | Zot:1    | Gained mutation: Your skin changes colour to match your
                  | surroundings (Stealth+). [potion of mutation]
 60967 | Zot:1    | Learned a level 4 spell: Passage of Golubria
 62353 | Zot:2    | Found the +4 dragonskin cloak
 62353 | Zot:2    | Noticed Tiamat
 62425 | Zot:2    | HP: 9/222 [purple draconian/bolt of dispelling energy (25)]
 62614 | Zot:2    | Killed Tiamat
 63427 | Zot:2    | Identified the +6 hand crossbow "Eklisky" {elec, Str+3}
 66013 | Zot:5    | Entered Level 5 of the Realm of Zot
 66152 | Zig:1    | Entered Level 1 of a ziggurat
 66171 | Zig:2    | Entered Level 2 of a ziggurat
 66172 | Zig:2    | Noticed an orb of fire
 66179 | Zig:2    | Killed an orb of fire
 66192 | Zig:2    | Got the Collected Works on the Blaze
 66202 | Zig:2    | Learned a level 8 spell: Ignition
 66207 | Zig:3    | Entered Level 3 of a ziggurat
 66242 | Zig:3    | Identified the +2 hunting sling of the Scavenger {vorpal,
                  | rPois Will+}
 66246 | Zig:4    | Entered Level 4 of a ziggurat
 66331 | Zig:4    | Identified the amulet "Fafar" {Spirit Will+}
 66336 | Zig:5    | Entered Level 5 of a ziggurat
 66363 | Zig:5    | Got Conuj's Handbook of Confrontation
 66365 | Zig:5    | Identified the +7 hand axe "Jeplidgh" {freeze, Contam rElec
                  | rC+ Str+5}
 66466 | Zig:6    | Entered Level 6 of a ziggurat
 66502 | Zig:6    | Found the +10 zealot's sword {holy, *Rage rN+ EV+3}
 66510 | Zig:6    | Identified the +5 shortbow of Descent {flame, Drain rF+++
                  | Str-2 Int+3}
 66541 | Zig:7    | Entered Level 7 of a ziggurat
 66556 | Zig:7    | Identified the amulet of Pimolei {Spirit rElec rPois Regen+
                  | Str-3 Dex-3}
 66580 | Zig:7    | Identified the +0 trident "Neplueme" {freeze, +Blink rF+
                  | rN+}
 66591 | Zig:8    | Entered Level 8 of a ziggurat
 66597 | Zig:8    | Noticed an orb of fire
 66598 | Zig:8    | Noticed an orb of fire
 66599 | Zig:8    | Noticed an orb of fire
 66603 | Zig:8    | Gained mutation: You tend to lose your temper in combat.
                  | [an orb of fire]
 66604 | Zig:8    | Gained mutation: Your system is resistant to poisons.
                  | (rPois) [an orb of fire]
 66604 | Zig:8    | Gained mutation: Your magical capacity is low. (-10% MP)
                  | [an orb of fire]
 66605 | Zig:8    | Killed an orb of fire
 66605 | Zig:8    | Killed an orb of fire
 66605 | Zig:8    | Killed an orb of fire
 66670 | Zig:9    | Entered Level 9 of a ziggurat
 66676 | Zig:9    | Lost mutation: Your muscles are strong. (Str +2) [potion of
                  | mutation]
 66676 | Zig:9    | Lost mutation: Your magical capacity is low. (-10% MP)
                  | [potion of mutation]
 66676 | Zig:9    | Lost mutation: Your body sometimes deteriorates upon taking
                  | damage. [potion of mutation]
 66676 | Zig:9    | Gained mutation: You are partially covered in iridescent
                  | scales. (AC +2) [potion of mutation]
 66677 | Zig:9    | Lost mutation: You are partially covered in iridescent
                  | scales. (AC +2) [potion of mutation]
 66677 | Zig:9    | Lost mutation: You tend to lose your temper in combat.
                  | [potion of mutation]
 66677 | Zig:9    | Gained mutation: Your body sometimes deteriorates upon
                  | taking damage. [potion of mutation]
 66713 | Zig:9    | Identified the +1 long sword of Impermanence {drain, rElec
                  | rF+ Will+ Int+2}
 66717 | Zig:9    | Identified the ring "Zost" {rElec rPois Will+}
 66772 | Zig:10   | Entered Level 10 of a ziggurat
 66802 | Zig:10   | Identified the ring of Awaidarch {*Corrode rElec rPois
                  | Str+4 SInv}
 66807 | Zig:10   | Identified the +1 ring mail of Timatamn {Contam rF+ rC++
                  | Regen+}
 66829 | Zig:10   | Learned a level 2 spell: Blink
 66834 | Zig:11   | Entered Level 11 of a ziggurat
 66845 | Zig:11   | Noticed a juggernaut
 66856 | Zig:11   | Killed a juggernaut
 66880 | Zig:11   | Identified the +7 trident of the Slicing Soothsayer {pain,
                  | rPois Str+4}
 66907 | Zig:12   | Entered Level 12 of a ziggurat
 66943 | Zig:12   | Identified the ring "Qosorph" {rF+ rC+ rCorr}
 66980 | Zig:13   | Entered Level 13 of a ziggurat
 67141 | Zig:13   | Got Deunnatt's Tome of Displacement and Snow
 67153 | Zig:14   | Entered Level 14 of a ziggurat
 67159 | Zig:14   | Noticed Ulevihou the pandemonium lord
 67161 | Zig:14   | Noticed Riog the pandemonium lord
 67176 | Zig:14   | Noticed Suryta the pandemonium lord
 67177 | Zig:14   | Noticed Xyeddoe the pandemonium lord
 67177 | Zig:14   | Noticed Quomyop the pandemonium lord
 67177 | Zig:14   | Noticed Fyel the pandemonium lord
 67177 | Zig:14   | Noticed Jeghamni the pandemonium lord
 67177 | Zig:14   | Noticed Naromuor the pandemonium lord
 67180 | Zig:15   | Entered Level 15 of a ziggurat
 67387 | Zig:15   | Got Geoffat's Further Progress in Magic
 67397 | Zig:15   | Identified the +1 leather armour of the Lily {rN+++ Will+
                  | Slay-5 SInv}
 67400 | Zig:15   | Identified the ring "Kiorac Gyov" {Dex+5 Slay-6 SInv}
 67411 | Zig:16   | Entered Level 16 of a ziggurat
 67420 | Zig:16   | Paralysed by a floating eye for 2 turns
 67466 | Zig:16   | Gained mutation: Your spells are a little easier to cast,
                  | but a little less powerful. [a neqoxec]
 67510 | Zig:16   | Found the amulet of the Four Winds {rN+ Will+++ Clar}
 67522 | Zig:16   | Gained mutation: Potions are less effective at restoring
                  | your health. [mutagenic glow]
 67529 | Zig:16   | Identified the ring of Cunnotha {Will+ MP+9 Str+3 Slay-3}
 67539 | Zig:16   | Acquired the Volume of Glacial Black Secrets
 67562 | Depths:3 | Learned a level 8 spell: Necromutation
 67911 | Tomb:1   | Entered Level 1 of the Tomb of the Ancients
 68148 | Tomb:1   | Noticed a royal mummy
 68157 | Tomb:1   | Noticed a royal mummy
 68175 | Tomb:1   | Killed a royal mummy
 68175 | Tomb:1   | Killed a royal mummy
 68927 | Tomb:1   | Noticed a royal mummy
 68933 | Tomb:1   | Killed a royal mummy
 68939 | Tomb:1   | Noticed a royal mummy
 68951 | Tomb:1   | Noticed a royal mummy
 68954 | Tomb:1   | Killed a royal mummy
 68954 | Tomb:1   | Noticed a royal mummy
 68956 | Tomb:1   | Noticed a royal mummy
 68967 | Tomb:1   | Killed a royal mummy
 68967 | Tomb:1   | Killed a royal mummy
 68967 | Tomb:1   | Killed a royal mummy
 68968 | Tomb:1   | Noticed a royal mummy
 68969 | Tomb:1   | Noticed a royal mummy
 68978 | Tomb:1   | Killed a royal mummy
 68982 | Tomb:1   | Noticed a royal mummy
 68986 | Tomb:1   | Killed a royal mummy
 68994 | Tomb:1   | Noticed a royal mummy
 69000 | Tomb:1   | Killed a royal mummy
 69009 | Tomb:1   | Killed a royal mummy
 69319 | Tomb:1   | Noticed a royal mummy
 69328 | Tomb:1   | Noticed a royal mummy
 69332 | Tomb:1   | Killed a royal mummy
 69335 | Tomb:1   | Killed a royal mummy
 69473 | Tomb:2   | Acquired 445 gold pieces
 69475 | Tomb:2   | Acquired 1128 gold pieces
 69642 | Tomb:3   | Entered Level 3 of the Tomb of the Ancients
 69688 | Tomb:3   | Noticed a royal mummy
 69688 | Tomb:3   | Noticed a royal mummy
 69698 | Tomb:3   | Killed a royal mummy
 69699 | Tomb:3   | Noticed Khufu
 69700 | Tomb:3   | Killed a royal mummy
 69701 | Tomb:3   | Noticed a royal mummy
 69702 | Tomb:3   | Noticed a royal mummy
 69708 | Tomb:3   | Killed a royal mummy
 69708 | Tomb:3   | Killed a royal mummy
 69708 | Tomb:3   | Noticed a royal mummy
 69712 | Tomb:3   | Found the +7 great mace "Firestarter" {inner flame, rF++}
 69712 | Tomb:3   | Found the +9 staff of Olgreb {rPois∞}
 69724 | Tomb:3   | Noticed a royal mummy
 69729 | Tomb:3   | Noticed a royal mummy
 69735 | Tomb:3   | Killed a royal mummy
 70072 | Tomb:3   | Killed Khufu
 70074 | Tomb:3   | Killed a royal mummy
 70074 | Tomb:3   | Killed a royal mummy
 70075 | Tomb:3   | Noticed a royal mummy
 70092 | Tomb:3   | Killed a royal mummy
 70231 | Tomb:3   | Identified the +6 mace of Slime {freeze, Str+2}
 70234 | Tomb:3   | Identified the ring "Jaopoex" {rN+ Dex+2}
 70436 | Tomb:3   | Identified the +8 storm dragon scales of Complete
                  | Protection {rElec rPois Str+2 Slay+2}
 70507 | Tomb:3   | Got a golden rune of Zot
 70606 | Tomb:1   | Learned a level 9 spell: Polar Vortex
 70951 | Hell     | Entered the Vestibule of Hell
 70951 | Hell     | Noticed Geryon
 70992 | Hell     | Killed Geryon
 71288 | Hell     | Found a gateway to the decaying netherworld of Tartarus.
 71320 | Hell     | Found a gateway to the ashen valley of Gehenna.
 71328 | Geh:1    | Entered Level 1 of Gehenna
 71852 | Geh:4    | Reached skill level 27 in Invocations
 72272 | Geh:6    | You are sucked into a shaft and drop 1 floor!
 72272 | Geh:7    | Entered Level 7 of Gehenna
 72303 | Geh:7    | Found the +7 sceptre of Asmodeus
 72303 | Geh:7    | Noticed Asmodeus
 72463 | Geh:7    | Reached skill level 27 in Long Blades
 72755 | Geh:7    | Got an obsidian rune of Zot
 72884 | Hell     | Found a gateway to the Iron City of Dis.
 72893 | Dis:1    | Entered Level 1 of the Iron City of Dis
 72915 | Dis:1    | Gained mutation: Armour fits poorly on your strangely
                  | shaped body. [mutagenic glow]
 73288 | Dis:1    | You are sucked into a shaft and drop 1 floor!
 73976 | Dis:6    | Lost mutation: Armour fits poorly on your strangely shaped
                  | body. [potion of mutation]
 73976 | Dis:6    | Lost mutation: Your body sometimes deteriorates upon taking
                  | damage. [potion of mutation]
 74055 | Dis:6    | You are sucked into a shaft and drop 1 floor!
 74055 | Dis:7    | Entered Level 7 of the Iron City of Dis
 74101 | Dis:7    | Found the +4 staff of Dispater
 74101 | Dis:7    | Noticed Dispater
 74103 | Dis:7    | Got an iron rune of Zot
 74156 | Hell     | Found a gateway to the freezing wastes of Cocytus.
 74192 | Coc:1    | Entered Level 1 of Cocytus
 74452 | Coc:5    | You are sucked into a shaft and drop 1 floor!
 74498 | Coc:7    | Entered Level 7 of Cocytus
 74660 | Coc:7    | Found the necklace of Bloodlust {*Rage +Rage Will++ Int-3
                  | Slay+6}
 74765 | Coc:7    | Noticed Antaeus
 74769 | Coc:7    | Got an icy rune of Zot
 74838 | Tar:1    | Entered Level 1 of Tartarus
 74904 | Tar:1    | You are sucked into a shaft and drop 1 floor!
 75064 | Tar:5    | You are sucked into a shaft and drop 1 floor!
 75170 | Tar:7    | Entered Level 7 of Tartarus
 75285 | Tar:7    | Reached skill level 27 in Spellcasting
 75381 | Tar:7    | HP: 6/235 [Tzitzimitl/dispel undead (58)]
 75382 | Tar:7    | Demolished by a reaper

Illustrated notes

Levels and vault maps discovered:
D:1:      minmay_arrival_three_doors, layout_basic, kennysheep_small_spiral
D:2:      layout_basic, basic_altar, serial_glass, glass_columns_a,
          glass_columns_a, glass_columns_c, glass_columns_c, glass_columns_a,
          minmay_rat_hole, uniq_robin, uniq_terence
D:3:      layout_loops_corners, portal_sewer_entry_d, small_statue_intersection,
          serial_bayou_pond_e, minmay_increasing_density
D:4:      layout_basic, gammafunk_ghost_abyssal_escape,
          minmay_gold_behind_fungi, uniq_duvessa, uniq_edmund
D:5:      layout_basic, minmay_temple_entry_offerings, uniq_blork_the_orc
D:6:      layout_cave_pools
D:7:      layout_basic, cheibrodos_worm_habitat
D:8:      layout_basic, gammafunk_temple_overflow_wave,
          gammafunk_temple_overflow_forgotten, minmay_tree_intersection
D:9:      layout_roguey, kennysheep_mini, lemuel_tele_altar
D:10:     layout_rooms, mainiacjoe_overflow_concentric_impassable,
          hiddenorc1_lemuel, serial_shops, nicolae_shop_stone, uniq_harold
D:11:     minmay_skewed_foursquare, layout_irregular_city,
          okawaru_ov_weapons_minmay
D:12:     minmay_chambers_of_sixes, layout_stronghold, yredelemnul_altar_generic
D:13:     layout_roguey, uniq_kirke, uniq_azrael
D:14:     layout_roguey [special_room_orc], ximxim_vaults_locker_room,
          portal_ice_cave_entry_pillars_1, uniq_frances, uniq_rupert
D:15:     gammafunk_enter_depths_forms, layout_long_grid
Temple:   dshaligram_water_room_temple
Lair:1:   layout_regular_city, kennysheep_abandoned_house, grunt_megastairs_4
Lair:2:   nzn_winding_woodlands_stair_trap [nzn_winding_woodlands_5x15_cabin,
          nzn_winding_woodlands_5x15_garden,
          nzn_winding_woodlands_5x15_sidewinder,
          nzn_winding_woodlands_15x15_killbox,
          nzn_winding_woodlands_5x15_longhouse,
          nzn_winding_woodlands_5x15_twine,
          nzn_winding_woodlands_5x15_split_checker], layout_long_grid,
          minivault_27, chequers_serial_rivers_micro_b, uniq_fannar
Lair:3:   layout_chaotic_city, shoals_dummy_entry, lemuel_old_faithful,
          grunt_megastairs_1
Lair:4:   layout_concentric_octagons, guppyfry_snake_entry_island, ice2_lemuel
Lair:5:   layout_small_grid, slime_altar_2
Lair:6:   grunt_lair_end_beastmaster, layout_long_grid
Shoals:1: cheibrodos_shoals_baths, layout_shoals, uniq_louise
Shoals:2: layout_shoals, uniq_polyphemus, uniq_ilsuiw
Shoals:3: layout_shoals, nicolae_stop_n_shop_1, nicolae_shoals_lost_giant_hut
Shoals:4: shoals_end_simple, layout_shoals, nicolae_shoals_nautilus_by_nature,
          nicolae_shoals_siren_and_animal_friends
Snake:1:  layout_misc_corridors, nicolae_wooded_promenade,
          nicolae_snake_coiling_death
Snake:2:  layout_onion, minmay_shop_grove
Snake:3:  layout_honeycomb, lemuel_fruit_tree, grunt_megastairs_2
Snake:4:  snake_pit_salamanders_mu, layout_misc_corridors, uniq_aizul,
          uniq_bai_suzhen, uniq_asterion
Slime:1:  layout_caves
Slime:2:  cheibrodos_slime_lost_civilization_1, layout_caves,
          cheibrodos_slime_lost_civilization_5
Slime:3:  layout_caves
Slime:4:  layout_caves, cheibrodos_slime_lost_civilization_4
Slime:5
Orc:1:    layout_caves, nicolae_orc_stony_grotto, uniq_jorgrun
Orc:2:    grunt_orc_gardens, layout_caves, grunt_orc_garden, grunt_orc_garden,
          grunt_orc_garden, grunt_orc_garden, uniq_maurice
Elf:1:    eino_elf_arrival_altar, layout_onion_city, serial_shops, shop,
          minmay_elf_sorcery, wad_floor_pattern_untrapped
Elf:2:    nicolae_elf_blades_crystal_corner, layout_gridlike,
          nrook_loot_triangle, minivault_19
Elf:3:    grunt_elf_hall_diamonds, layout_loops_corners, basic_altar,
          minmay_checkered_concentric_circles
Vaults:1: nicolae_vaults_circle_grid_b, vaults_door_vault,
          grunt_vaults_hallway_short, layout_vaults_big_room
Vaults:2: nicolae_vaults_rhombus_5, ontoclasm_vaults_shout,
          nicolae_vaults_hallways_thing, minmay_crypt_entry_necro_gods,
          nicolae_vaults_ninety_degrees, nicolae_vaults_little_ls,
          v_alt_pattern_5, hangedman_vaults_stream, ontoclasm_vaults_eye,
          v_pattern_2, vaults_mumra_hex, ontoclasm_vaults_ring_small,
          layout_vaults_omnicross, serial_shops, nicolae_shop_waterfront,
          nicolae_square_shop, nicolae_shop_trees, shop,
          nicolae_shop_competitors_out_of_business
Vaults:3: v_alt_pattern_1, hangedman_vaults_nodes, v_misc_29,
          dpeg_vaults_monster_row, nicolae_vaults_stairing_the_circle,
          hangedman_vaults_locks, vaults_dpeg_diagonal,
          grunt_vaults_hallway_short, nicolae_vaults_mini_display_case,
          layout_vaults_omnigrid
Vaults:4: nicolae_vaults_arrows, vaults_room_octagon, hangedman_vaults_slither,
          grunt_vaults_bifocal, v_rooms_5, v_misc_28, nicolae_vaults_big_ls,
          layout_vaults_maze
Vaults:5
Crypt:1:  layout_misc_corridors, minivault_24
Crypt:2:  layout_gridlike, nzn_ghost_randoct, amcnicky_mini_corridor_feature,
          corexii_leaking_fountain, minmay_misc_feat_hallway
Crypt:3:  cryptofortress_bobbens, uniq_jory, uniq_sojobo
Tomb:1
Tomb:2
Tomb:3
Depths:1: layout_big_octagon, fedhas_altar_1, abyss_entry, serial_shops, shop,
          nicolae_square_shop, shop, hangedman_coc_ice_floe, elyvilon_altar_3,
          serial_bayou_shore_b, serial_bayou_shore_b,
          infiniplex_staircase_pool_lava
Depths:2: minmay_bloctagon, layout_gridville, tso_altar, minmay_room_of_horrors,
          hell_entry, infiniplex_staircase_zigzag_3
Depths:3: minmay_the_grid_square_5x5_3x3
          [minmay_the_grid_square_5x5_sharp_hourglass,
          minmay_the_grid_square_5x5_tie, minmay_the_grid_square_5x5_comb,
          minmay_the_grid_square_5x5_mess,
          minmay_the_grid_square_5x5_megaprize_checkered,
          minmay_the_grid_square_5x5_z, minmay_the_grid_square_5x5_detours,
          minmay_the_grid_square_5x5_doubleslash,
          minmay_the_grid_square_5x5_inner_v], layout_honeycomb,
          enter_ziggurat_e, rand_demon_pan_entry_9, serial_shops, shop,
          hell_entry, infiniplex_enter_wizlab_glasses,
          minmay_staircase_windowed_small, serial_bayou_shore_a
Depths:4: box_level_dp, hell_entry, abyss_entry
Depths:5: grunt_twist_and_shout, layout_twisted_cross, hell_entry,
          nicolae_trove_entry_path_of_doom, pdpol_wu_jian_five_deadly_venoms
Hell
Dis:1:    layout_regular_city
Dis:2:    layout_gridville, hangedman_dis_decor_blocks_mantle,
          nicolae_dis_strange_trophy_room
Dis:3:    layout_jigsaw
Dis:4:    layout_chaotic_city, hangedman_dis_decor_blocks_crown
Dis:5:    layout_regular_city
Dis:6:    layout_jigsaw, not_door_vault_mu
Dis:7:    iron_city_of_dis [dis_grunt, dis_wall_4], layout_chaotic_city
Geh:1:    layout_gehenna_pools_box
Geh:2:    layout_gehenna_pools_basic, door_vault
Geh:3:    layout_gehenna_pools_basic
Geh:4:    layout_gehenna_pools_box
Geh:5:    layout_gehenna_pools_box, hangedman_hellfire_club
Geh:6:    layout_gehenna_pools_basic
Geh:7:    geh_hangedman
Coc:1:    layout_cocytus_water_paths
Coc:2:    layout_cocytus_water_paths
Coc:3:    grunt_deathspiral_small, layout_ice_bergs
Coc:4:    layout_cocytus_water_paths
Coc:5:    layout_ice_bergs
Coc:6:    layout_ice_bergs
Coc:7:    coc_mu
Tar:1:    layout_grid_maze
Tar:2:    layout_honeycomb, nicolae_tar_cuneiform_heaven
Tar:3:    layout_honeycomb
Tar:4:    layout_catacombs
Tar:5:    layout_grid_maze
Tar:6:    layout_cathedral_of_symmetry
Tar:7:    tar_minmay_river
Zot:1:    lemuel_draconian_sentries, layout_cellular_growth, st_stairs_6
Zot:2:    kennysheep_blocky_room, layout_onion, uniq_tiamat
Zot:3:    layout_concentric_octagons
Zot:4:    layout_twisted_circle, skrybe_zot_glass_3
Zot:5:    layout_onion, grunt_ministairs_11, lemuel_baited_zot_trap

Skill      XL: |  1  2  3  4  5  6  7  8  9 10 11 12 13 14 15 16 17 18 19 20 21 22 23 24 25 26 27 |
---------------+----------------------------------------------------------------------------------+-----
Invocations    | 1 2 3 4 5 6 7 8 9 10 11 12 13 14 15 16 17 18 19 27 | 27.0
Short Blades   | 1 2 3 4 5 6 7 8 9 10 11 12 13 14 15 16 17 25 | 25.3
Axes           | 1 2 3 4 5 6 7 8 9 10 11 12 13 14 15 16 17 22 | 22.8
Maces & Flails | 1 2 3 4 5 6 7 8 9 10 11 12 13 14 15 16 17 22 | 22.8
Polearms       | 1 2 3 4 5 6 7 8 9 10 11 12 13 14 15 16 17 18 19 20 26 | 26.2
Staves         | 1 2 3 4 5 6 7 8 9 10 11 12 13 14 15 16 17 22 | 22.8
Slings         | 1 2 3 4 5 6 7 8 9 10 11 12 13 14 15 16 17 26 | 26.4
Bows           | 1 2 3 4 5 6 7 8 9 10 11 12 13 14 15 16 17 22 | 22.8
Crossbows      | 1 2 3 4 5 6 7 8 9 10 11 12 13 14 15 16 17 22 | 22.8
Armour         | 1 2 3 4 5 6 7 8 9 10 11 12 13 14 15 16 17 22 | 22.8
Stealth        | 1 2 3 4 5 6 7 8 9 10 11 12 13 14 15 16 17 22 | 22.8
Shields        | 1 2 3 4 5 6 7 8 9 10 11 12 13 14 15 16 17 22 | 22.8
Unarmed Combat | 1 2 3 4 5 6 7 8 9 10 11 12 13 14 15 16 17 22 | 22.8
Spellcasting   | 1 2 3 4 5 6 7 8 9 10 11 12 13 14 15 16 17 18 19 20 27 | 27.0
Evocations     | 1 2 3 4 5 6 7 8 9 10 11 12 13 14 15 16 17 22 | 22.8
Conjurations   | 1 2 3 4 5 6 7 8 9 10 11 12 13 14 19 | 19.8
Hexes          | 1 2 3 4 5 6 7 8 9 10 11 12 13 14 15 16 17 23 | 23.1
Summonings     | 1 2 3 4 5 6 7 8 9 10 11 12 13 14 15 16 23 | 23.8
Necromancy     | 1 2 3 4 5 6 7 8 9 10 11 12 13 14 19 | 19.8
Translocations | 1 2 3 4 5 6 7 8 9 10 11 12 13 14 15 16 22 | 22.8
Transmutations | 1 2 3 4 5 6 7 8 9 10 11 12 13 14 19 | 19.8
Fire Magic     | 1 2 3 4 5 6 7 8 9 10 11 12 13 14 19 | 19.8
Ice Magic      | 1 2 3 4 5 6 7 8 9 10 11 12 13 14 19 | 19.8
Air Magic      | 1 2 3 4 5 6 7 8 9 10 11 12 13 14 19 | 19.8
Earth Magic    | 1 2 3 4 5 6 7 8 9 10 11 12 13 14 19 | 19.8
Poison Magic   | 1 2 3 4 5 6 7 8 9 10 11 12 13 14 19 | 19.8
Fighting       | 5 6 7 8 9 10 11 12 13 14 15 16 17 23 | 23.0
Throwing       | 5 6 7 8 9 10 11 12 13 14 15 16 17 23 | 23.0
Long Blades    | 7 8 9 10 11 12 13 14 15 16 17 18 19 20 21 27 | 27.0
Dodging        | 7 8 9 10 11 12 13 14 15 16 17 18 23 | 23.3

Action                   |  1- 3 |  4- 6 |  7- 9 | 10-12 | 13-15 | 16-18 | 19-21 | 22-24 | 25-27 || total
-------------------------+-------+-------+-------+-------+-------+-------+-------+-------+-------++-------
Melee: Long sword        |   110 |   196 |   350 |   244 |       |       |       |       |       ||   900
       Bite              |    12 |    14 |    48 |   112 |   235 |   171 |   291 |   352 |  1496 ||  2731
       Punch             |       |     1 |     4 |       |       |       |       |       |       ||     5
       Scimitar          |       |       |       |   125 |   848 |   686 |   992 |   876 |       ||  3527
       Double sword      |       |       |       |       |       |       |       |   490 |  3641 ||  4131
       Quick blade       |       |       |       |       |       |       |       |    71 |  1644 ||  1715
Throw: Throwing net      |       |     4 |       |       |       |       |       |       |       ||     4
       Dart              |       |       |     6 |    39 |    15 |    13 |     2 |     8 |     1 ||    84
       Javelin           |       |       |     6 |    16 |     5 |     9 |       |       |   148 ||   184
 Cast: Apportation       |       |       |       |       |     7 |       |       |       |   181 ||   188
       Statue Form       |       |       |       |       |    13 |    27 |    42 |    58 |    85 ||   225
       Passwall          |       |       |       |       |       |     1 |       |     2 |    22 ||    25
       Passage of Golubr |       |       |       |       |       |       |       |       |    80 ||    80
       Necromutation     |       |       |       |       |       |       |       |       |    70 ||    70
       Shatter           |       |       |       |       |       |       |       |       |    65 ||    65
       Ignition          |       |       |       |       |       |       |       |       |    54 ||    54
       Polar Vortex      |       |       |       |       |       |       |       |       |    40 ||    40
       Blink             |       |       |       |       |       |       |       |       |     1 ||     1
Invok: Slouch            |       |       |       |     2 |     7 |    11 |    12 |     7 |    17 ||    56
       Bend Time         |       |       |       |     1 |       |       |       |       |       ||     1
       Temporal Distorti |       |       |       |       |     1 |       |       |       |       ||     1
       Step From Time    |       |       |       |       |       |       |     1 |     1 |     3 ||     5
 Abil: Evoke Invisibilit |       |       |       |     1 |       |       |       |       |       ||     1
       End Transformatio |       |       |       |       |       |       |     2 |       |    12 ||    14
Evoke: Wand              |       |     6 |     2 |    14 |     6 |     6 |     3 |       |    21 ||    58
       Condenser vane    |       |       |       |       |     3 |     5 |     5 |     5 |    13 ||    31
       Tin of tremorston |       |       |       |       |       |       |     8 |     7 |    14 ||    29
       Box of beasts     |       |       |       |       |       |       |     1 |       |     1 ||     2
  Use: Scroll            |       |    13 |     6 |    11 |     7 |     2 |     6 |    18 |    46 ||   109
       Potion            |       |     1 |       |       |     1 |     1 |     1 |     1 |    16 ||    21
 Stab: Sleeping          |     1 |     5 |     1 |     5 |    27 |    23 |    29 |    16 |    48 ||   155
       Held in net/web   |       |     1 |       |       |       |       |       |       |       ||     1
       Distracted        |       |       |     1 |       |     1 |     2 |     3 |       |    18 ||    25
       Paralysed         |       |       |       |     2 |       |       |       |       |       ||     2
       Petrifying        |       |       |       |       |     1 |       |       |       |       ||     1
       Petrified         |       |       |       |       |     1 |       |       |       |       ||     1
       Confused          |       |       |       |       |       |       |       |       |     2 ||     2
       Invisible         |       |       |       |       |       |       |       |       |     2 ||     2
Armor: Leather armour    |    21 |    82 |       |       |       |       |       |       |       ||   103
       Scale mail        |       |       |   143 |    48 |       |       |       |       |       ||   191
       Troll leather arm |       |       |       |    64 |    75 |    39 |    66 |    82 |   627 ||   953
       Robe              |       |       |       |       |     9 |       |       |       |       ||     9
       Skin              |       |       |       |       |    95 |   135 |   252 |   448 |   544 ||  1474
Dodge: Dodged            |    83 |   135 |   201 |   344 |   896 |   648 |  1332 |  1900 |  4940 || 10479
Block: Buckler           |       |       |    36 |   140 |   506 |   557 |   671 |   521 |       ||  2431
       Reflection        |       |       |       |       |     8 |    59 |     8 |       |       ||    75
       Kite shield       |       |       |       |       |       |       |       |   730 |  6334 ||  7064
       Rpst.: Long sword |    17 |    48 |    53 |    66 |       |       |       |       |       ||   184
       Scimitar          |       |       |       |    20 |   203 |   130 |   236 |   240 |       ||   829
       Double sword      |       |       |       |       |       |       |       |    71 |   694 ||   765
